 Dungeon Crawl Stone Soup version 0.13.1-34-g5444d2b (console) character file.

15314 planet the Severer (level 11, 0/112 HPs)
             Began as a Centaur Berserker on Mar 23, 2014.
             Was an Elder of Trog.
             Succumbed to a black mamba's poison
             ... on Level 7 of the Lair of Beasts.
             The game lasted 00:43:22 (6329 turns).

planet the Severer (Centaur Berserker)              Turns: 6329, Time: 00:43:22

HP   0/112       AC  9     Str 24      XL: 11   Next: 91%
MP   7/7         EV  8     Int  5 (9)  God: Trog [****..]
Gold 648         SH  0     Dex 10      Spells:  0 memorised, 10 levels left

Res.Fire  : + . .   See Invis. : .   b - +0 war axe
Res.Cold  : . . .   Warding    : .   V - +1 ring mail of Paranoia {Acc+3}
Life Prot.: . . .   Conserve   : .   (no shield)
Res.Poison: +       Res.Corr.  : .   (no helmet)
Res.Elec. : .       Clarity    : .   K - +1 elf cloak
Sust.Abil.: . .     Spirit.Shd : .   j - +0 pair of elf gauntlets
Res.Mut.  : .       Stasis     : .   (no barding)
Res.Rott. : .       Flight     : .   (no amulet)
Saprovore : . . .                    T - ring of protection from fire {unknown}
                                     I - +4,+3 ring of slaying

@: regenerating, berserking, mildly poisoned, very quick, very resistant to
hostile enchantments, extremely unstealthy
A: hooves 3, deformed body, herbivore 1, speed 2, fast metabolism 1, -10% hp,
poison resistance, slow healing 1, tough skin 3
a: Burn Spellbooks, Berserk, Trog's Hand, Brothers in Arms, Renounce Religion


You were on level 7 of the Lair of Beasts.
You worshipped Trog.
Trog was greatly pleased with you.
You were hungry.

You visited 3 branches of the dungeon, and saw 17 of its levels.

You collected 628 gold pieces.

Inventory:

Hand weapons
 b - a +0,+0 war axe (weapon)
 n - a +0,+0 war axe
Missiles
 y - 3 curare-tipped needles
Armour
 j - a +0 pair of elven gauntlets (worn)
 m - a +0 robe of resistance
 v - a +2 orcish robe of magic resistance
 K - a +1 elven cloak (worn)
 V - the +1 ring mail of Paranoia (worn) {Acc+3}
   (You found it on level 7 of the Lair of Beasts)

   It affects your accuracy (+3).
Magical devices
 i - a wand of fireball (2)
 p - a wand of draining (3)
 u - a wand of confusion (2)
 Z - a wand of random effects (13)
Comestibles
 c - 12 bread rations
 l - 14 honeycombs
 D - a rambutan
 H - 2 royal jellies
 Y - 4 chunks of agate snail flesh
Scrolls
 o - 4 scrolls of curse weapon {unknown}
 t - a scroll of summoning {unknown}
 B - a scroll of blinking
 C - 4 scrolls of curse jewellery {unknown}
 E - a scroll of enchant weapon II
 G - 2 scrolls of immolation
 J - a scroll of enchant armour {unknown}
 M - a scroll of holy word {unknown}
 N - a scroll of noise {unknown}
 O - 3 scrolls of teleportation {unknown}
 P - 3 scrolls of recharging {unknown}
 Q - 2 scrolls of remove curse
 R - a scroll of magic mapping
 X - 2 scrolls of enchant weapon I {unknown}
Jewellery
 F - an uncursed ring of poison resistance
 I - a +4,+3 ring of slaying (left hand)
 T - a ring of protection from fire (right hand) {unknown}
Potions
 e - 2 potions of brilliance {unknown}
 f - 2 potions of resistance {unknown}
 g - a potion of flight {unknown}
 h - 2 potions of restore abilities
 k - 4 potions of curing {unknown}
 q - 2 potions of beneficial mutation {unknown}
 r - 2 potions of invisibility {unknown}
 s - a potion of speed
 w - a potion of heal wounds
 x - 6 potions of poison {unknown}
 z - 2 potions of cure mutation {unknown}
 A - a potion of berserk rage {unknown}
 L - a potion of mutation {unknown}
 S - a potion of might {unknown}
 U - a potion of paralysis {unknown}
 W - a potion of strong poison {unknown}
Books
 a - a book of Cantrips

   Spells                             Type                      Level
   Confusing Touch                    Hexes                        1
   Animate Skeleton                   Necromancy                   1
   Summon Small Mammal                Summoning                    1
   Apportation                        Translocation                1
   Trog disapproves of the use of such an item.
 d - a book of Clouds

   Spells                             Type                      Level
   Mephitic Cloud                     Conjuration/Poison/Air       3
   Conjure Flame                      Conjuration/Fire             3
   Poisonous Cloud                    Conjuration/Poison/Air       6
   Freezing Cloud                     Conjuration/Ice/Air          6
   Ring of Flames                     Charms/Fire                  7
   Trog disapproves of the use of such an item.


   Skills:
 - Level 3.0 Fighting
 + Level 16.8 Axes
 - Level 1.3 Armour
 - Level 1.3 Dodging


You had 10 spell levels left.
You didn't know any spells.

Dungeon Overview and Level Annotations

Branches:
Dungeon (9/27)             Temple (1/1) D:4            Lair (7/8) D:9
  Swamp (0/5) Lair:5       Spider (0/5) Lair:5
    Orc: D:6-11       Slime: Lair:6-8

Altars:
Ashenzari
Cheibriados
Elyvilon
Makhleb
Nemelex Xobeh
Okawaru
Trog
Vehumet
Xom
Yredelemnul
Zin
the Shining One

Shops:
D:4 (


Innate Abilities, Weirdness & Mutations

You have hooves in place of feet.
Armour fits poorly on your strangely shaped body.
You digest meat inefficiently.
You cover ground very quickly.
You have a fast metabolism.
You have extremely tough skin (AC +3).
You are frail (-10% HP).
Your system is resistant to poisons.
You heal slowly.


Message History

The giant frog is severely wounded.
You miss it. You kick it! It bites you!
* * * LOW HITPOINT WARNING * * *
You are poisoned.
It poisons you!
The giant frog hits you but does no damage.
You barely miss the giant frog.
The giant frog is severely wounded.
You slash it! Trog accepts your kill.
Reactivating autopickup.
You feel a bit more experienced.
You slash the giant frog!
You kill the giant frog!
Trog accepts your kill.
You miss the water moccasin. The water moccasin bites you.
* * * LOW HITPOINT WARNING * * *
You hit the water moccasin. Your kick misses the water moccasin.
The water moccasin is lightly wounded.
You die... ########.#####.##### ..##..#.#.#....#Pf#.. f..................... ff.....................

........................
....................%...
........................
.........................
................@S.......
........)........%.......
........................
........................
........................
.......................
......................
.....................
..................


You could see a water moccasin.

Vanquished Creatures
  8 spiny frogs
  2 black mambas (Lair:7)
  3 fire drakes
  A queen bee (Lair:3)
  3 komodo dragons
  8 blink frogs
  9 yaks
  A wyvern (D:9)
  A hungry ghost (D:8)
  5 hippogriffs
  10 porcupines
  An orc warrior (D:6)
  2 phantoms
  An ice beast (D:5)
  3 sky beasts
  A giant goldfish (Lair:5)
  7 ogres
  3 crocodiles
  3 centaurs
  4 water moccasins
  Sigmund (D:7)
  A brain worm (Lair:5)
  5 giant frogs
  3 giant slugs
  Blork the orc (D:4)
  6 agate snails
  A gnoll sergeant (D:6)
  22 killer bees (Lair:3)
  2 crimson imps
  7 hounds
  4 iguanas
  2 orc wizards (D:5)
  5 orange rats (Lair:6)
  3 scorpions
  An orc priest (D:5)
  5 worker ants
  A sky beast zombie (D:8)
  4 gnolls (D:6)
  10 adders
  18 green rats
  A worm zombie (D:5)
  A giant mite (Lair:2)
  2 giant centipedes
  4 worms (D:8)
  A giant eyeball (D:7)
  5 giant geckos
  2 oozes
  10 orcs
  10 bats
  3 giant cockroaches
  4 hobgoblins
  15 jackals
  8 quokkas
  A ball python (D:4)
  4 giant newts
  2 goblins
  A hobgoblin skeleton (D:6)
  A jackal skeleton (D:4)
  11 kobolds
  12 rats
  A fungus (Lair:3)
  2 plants (D:4)
279 creatures vanquished.

Vanquished Creatures (collateral kills)
  A killer bee (Lair:3)
1 creature vanquished.

Vanquished Creatures (others)
  2 fungi (Lair:7)
  7 plants (Lair:7)
9 creatures vanquished.

Grand Total: 289 creatures vanquished

Notes
Turn   | Place    | Note
--------------------------------------------------------------
     0 | D:1      | planet, the Centaur Berserker, began the quest for the Orb.
     0 | D:1      | Reached XP level 1. HP: 19/19 MP: 0/0
    13 | D:1      | Found a snail-covered altar of Cheibriados.
   133 | D:2      | Reached XP level 2. HP: 26/26 MP: 1/1
   195 | D:2      | Reached XP level 3. HP: 25/33 MP: 2/2
   204 | D:3      | Noticed a hippogriff
   208 | D:3      | Reached skill level 4 in Axes
   209 | D:3      | Acquired Trog's second power
   212 | D:3      | Killed a hippogriff
   212 | D:3      | Reached skill level 5 in Axes
   212 | D:3      | Reached XP level 4. HP: 39/39 MP: 2/2
   212 | D:3      | Reached XP level 5. HP: 45/45 MP: 3/3
   405 | D:4      | Noticed a phantom
   417 | D:4      | Killed a phantom
   417 | D:4      | Reached skill level 6 in Axes
   417 | D:4      | Reached XP level 6. HP: 52/52 MP: 4/4
   434 | D:4      | Found a staircase to the Ecumenical Temple.
   443 | Temple   | Entered the Ecumenical Temple
   549 | D:4      | Found Xosefon's Weapon Shop.
   623 | D:5      | Entered Level 5 of the Dungeon
   635 | D:6      | Reached skill level 7 in Axes
   645 | D:6      | Reached XP level 7. HP: 58/58 MP: 4/4
   652 | D:6      | Gained mutation: You heal slowly. [mutagenic meat]
   782 | D:4      | Noticed Blork the orc
   805 | D:4      | Killed Blork the orc
   912 | D:4      | Noticed an ogre
   918 | D:4      | Killed an ogre
   918 | D:4      | Reached skill level 8 in Axes
  1016 | D:4      | Found a shattered altar of Ashenzari.
  1016 | D:4      | Found a glowing golden altar of the Shining One.
  1446 | D:5      | Reached XP level 8. HP: 36/66 MP: 5/5
  1447 | D:5      | Reached skill level 9 in Axes
  1788 | D:6      | Got a wizard robe
  1794 | D:6      | Identified the cursed -6 robe of Temperance {+Blink rF+ Str-4} (You took it off a gnoll on level 6 of the Dungeon)
  1819 | D:6      | Reached skill level 10 in Axes
  1831 | D:6      | Gained mutation: You are frail (-10% HP). [mutagenic meat]
  1832 | D:6      | Gained mutation: Your system is resistant to poisons. [mutagenic meat]
  2221 | D:7      | Reached skill level 11 in Axes
  2221 | D:7      | Reached XP level 9. HP: 32/63 MP: 6/6
  2255 | D:7      | Noticed Sigmund
  2285 | D:7      | Killed Sigmund
  2663 | D:8      | Found a sparkling altar of Nemelex Xobeh.
  2729 | D:9      | Reached skill level 12 in Axes
  2885 | D:8      | Found a glowing silver altar of Zin.
  3058 | D:9      | Found a staircase to the Lair.
  3058 | D:9      | Noticed a fire drake
  3098 | D:9      | Killed a fire drake
  3152 | Lair:1   | Entered Level 1 of the Lair of Beasts
  3265 | Lair:2   | Reached skill level 13 in Axes
  3265 | Lair:2   | Reached XP level 10. HP: 69/70 MP: 6/6
  3295 | Lair:2   | Noticed a fire drake
  3335 | Lair:2   | Killed a fire drake
  3720 | Lair:4   | Reached skill level 14 in Axes
  3914 | Lair:2   | Noticed a spiny frog
  3920 | Lair:2   | Killed a spiny frog
  3932 | Lair:1   | Noticed a fire drake
  3968 | Lair:1   | Killed a fire drake
  4134 | Lair:1   | Noticed a spiny frog
  4143 | Lair:1   | Killed a spiny frog
  4401 | Lair:2   | Acquired Trog's third power
  4530 | Lair:3   | Reached skill level 15 in Axes
  4530 | Lair:3   | Reached XP level 11. HP: 28/75 MP: 7/7
  5002 | Lair:3   | Found a bloodstained altar of Trog.
  5127 | Lair:5   | Found a hole to the Spider Nest.
  5446 | Lair:4   | Reached skill level 16 in Axes
  5727 | Lair:5   | Found a staircase to the Swamp.
  6151 | Lair:7   | Got an ichor-stained ring mail
  6161 | Lair:7   | Identified the +1 ring mail of Paranoia {Acc+3} (You found it on level 7 of the Lair of Beasts)
  6325 | Lair:7   | HP: 5/112 [something (12)]
  6328 | Lair:7   | HP: 1/112 [water moccasin (5)]
  6329 | Lair:7   | Succumbed to a black mamba's poison

Action                   |  1- 3 |  4- 6 |  7- 9 | 10-12 || total
-------------------------+-------+-------+-------+-------++-------
Melee: Hand axe          |    34 |    58 |   304 |       ||   396
       War axe           |       |       |    56 |   450 ||   506
Invok: Berserk           |     2 |     2 |    15 |    18 ||    37
       Trog's Hand       |       |       |    19 |    29 ||    48
       Brothers in Arms  |       |       |       |     1 ||     1
Evoke: Wand              |       |       |     2 |     7 ||     9
  Use: Scroll            |       |       |     9 |     5 ||    14
       Potion            |       |       |     1 |     3 ||     4
